 Dungeon Crawl Stone Soup version 0.19-a0-1937-g70ed36a (webtiles) character file.

1400 suicidejoker the Covert (level 8, -10/57 HPs)
             Began as a Vampire Enchanter on Oct 26, 2016.
             Was an Initiate of Okawaru.
             Mangled by an orc warrior
             ... wielding a +0 scimitar
              (13 damage)
             ... on level 5 of the Dungeon.
             The game lasted 00:15:52 (7892 turns).

suicidejoker the Covert (Vampire Enchanter)         Turns: 7892, Time: 00:15:53

Health: -10/57     AC:  3    Str:  9    XL:     8   Next: 41%
Magic:  0/13       EV: 14    Int: 17    God:    Okawaru [......]
Gold:   281        SH:  0    Dex: 15    Spells: 4 memorised, 5 levels left

rFire  . . .     SeeInvis +     a - +2 dagger (venom)
rCold  + + +     Gourm    .     y - +1 robe
rNeg   + + +     Faith    .     (no shield)
rPois  ∞         Spirit   +     (no helmet)
rElec  .         Reflect  .     (no cloak)
rCorr  .         Harm     .     (no gloves)
MR     .....                    (no boots)
Stlth  ++++++....               k - amulet of guardian spirit
                                (no ring)
                                q - ring of protection from cold

@: bloodless, non-regenerating
A: fangs 3, see invisible, unbreathing
a: Bat Form, Renounce Religion


You were on level 5 of the Dungeon.
You worshipped Okawaru.
Okawaru was noncommittal.
You were bloodless.

You visited 2 branches of the dungeon, and saw 7 of its levels.

You collected 281 gold pieces.

Inventory:

Hand Weapons
 a - a +2 dagger of venom (weapon)
 b - the +7 hunting sling "Sotea" {flame, MR+ Dex+4}
   (You found it on level 4 of the Dungeon)

   It causes projectiles fired from it to burn those they strike, causing extra
   injury to most foes and up to half again as much damage against particularly
   susceptible opponents.
   It affects your dexterity (+4).
   It affects your resistance to hostile enchantments.
Missiles
 h - 117 sling bullets
 z - 118 stones (quivered)
Armour
 y - a +1 robe (worn)
Jewellery
 k - an amulet of guardian spirit (around neck)
 q - a ring of protection from cold (left hand)
Wands
 f - a wand of confusion (19/48)
 s - a wand of lightning (1/15)
 x - a wand of random effects (28/48)
Scrolls
 e - 2 scrolls of amnesia {unknown}
 g - 3 scrolls of remove curse
 i - 2 scrolls of fear {unknown}
 l - 2 scrolls of enchant weapon {unknown}
 n - a scroll of magic mapping {unknown}
 o - 2 scrolls of enchant armour {unknown}
 p - 4 scrolls of identify {unknown}
 t - 4 scrolls of immolation {unknown}
 B - a scroll of teleportation {unknown}
Potions
 d - 3 potions of blood
 m - 2 potions of berserk rage {unknown}
 r - a potion of brilliance {unknown}
 u - a potion of curing {unknown}
 v - a potion of degeneration {unknown}
 w - a potion of lignification {unknown}
 A - a potion of cure mutation {unknown}
 C - a potion of magic {unknown}
Books
 c - a book of Maledictions

   Spells                             Type                      Level
   a - Corona                         Hexes                        1
   b - Ensorcelled Hibernation        Hexes/Ice                    2
   c - Confuse                        Hexes                        3
   d - Tukima's Dance                 Hexes                        3
   e - Dazzling Spray                 Conjuration/Hexes            3
 D - a book of Callings

   Spells                             Type                      Level
   a - Summon Small Mammal            Summoning                    1
   b - Call Imp                       Summoning                    2
   c - Call Canine Familiar           Summoning                    3
   d - Summon Guardian Golem          Hexes/Summoning              3
   e - Summon Lightning Spire         Summoning/Air                4
   f - Summon Ice Beast               Ice/Summoning                4


   Skills:
 + Level 2.4 Fighting
 + Level 4.0 Short Blades
 * Level 3.4 Slings
 + Level 4.5 Dodging
 + Level 9.2 Stealth
 + Level 3.6 Spellcasting
 + Level 6.2 Hexes
 + Level 1.1 Ice Magic


You had 5 spell levels left.
You knew the following spells:

 Your Spells              Type           Power        Failure   Level  Hunger
a - Corona                Hex            ###....      1%          1    None
b - Ensorcelled Hibernat  Hex/Ice        ###...       6%          2    ##.....
c - Confuse               Hex            ###.....     4%          3    ###....
d - Dazzling Spray        Conj/Hex       ##....       14%         3    ###....


Dungeon Overview and Level Annotations

Branches:
Dungeon (6/15)             Temple (1/1) D:6

Altars:
Ashenzari
Dithmenos
Elyvilon
Gozag
Hepliaklqana
Nemelex Xobeh
Okawaru
Qazlal
Ru
Trog
Vehumet
Xom
Yredelemnul
Zin
The Shining One


Innate Abilities, Weirdness & Mutations

You do not heal naturally.
You are immune to poison.
You have razor-sharp teeth.
You have supernaturally acute eyesight. (SInv)
You can survive without breathing.


Message History

* * * LOW HITPOINT WARNING * * *
You climb upwards.
There is a stone staircase leading down here.
Evoke which item? (* to show all) (? for menu, Esc to quit)
Zapping:
s - a wand of lightning (will waste charges)
Press: ? - help, Shift-Dir - straight line, f - orc warrior
Aim: an orc warrior, wielding a scimitar and wearing a chain mail (severely wounded, poisoned)
You hear a mighty clap of thunder!
The bolt of lightning hits the orc warrior.
The orc warrior is severely wounded.
Evoking this partially-identified wand wasted a few charges.
Evoke which item? (* to show all) (? for menu, Esc to quit)
Zapping:
s - a wand of lightning {zapped: 2} (will waste charges)
Press: ? - help, Shift-Dir - straight line, f/p - orc warrior
Aim: an orc warrior, wielding a scimitar and wearing a chain mail (severely wounded, poisoned)
You hear a mighty clap of thunder!
The bolt of lightning misses the orc warrior.
Evoking this partially-identified wand wasted a few charges.
The orc warrior hits you with a scimitar!
You die...

####### .#.##.###
.#......#
.#.#..#.#
.#.#.<#.#
.#.#..#.#
.#.#..#.#
.#.#.##.##########
...............o@#
##.#.##.##.#####.#
##(#.##.##[# #.#
.#.#.##.##.### #.#
.#.#.........# #.#
.#)#.####..#.# #.#
.#.........#.###.#
.#########.#.#...#
.............#.###


You could see an orc warrior.

Vanquished Creatures
  Grinder (D:3)
  A phantom (D:6)
  An ogre (D:6)
  2 centaurs
  A scorpion (D:4)
  A bullfrog zombie (D:5)
  The ghost of seanpark the Magician, a weakling DEWz of Sif Muna (D:3)
  A crimson imp (D:5)
  2 howler monkeys (D:5)
  3 jellies (D:5)
  A bullfrog skeleton (D:5)
  An orc priest (D:6)
  2 hounds (D:4)
  3 orc wizards (D:5)
  4 iguanas
  Natasha (thrice) (D:4)
  6 adders
  An adder skeleton (D:4)
  A worm (D:2)
  2 dart slugs
  5 leopard geckos
  12 orcs
  10 bats
  6 giant cockroaches
  5 hobgoblins
  13 jackals
  A quokka (D:4)
  A ball python (D:2)
  4 frilled lizards
  3 goblins (D:1)
  A jackal skeleton (D:5)
  14 kobolds
  10 rats
123 creatures vanquished.

Notes
Turn   | Place    | Note
-------+----------+-------------------------------------------
     0 | D:1      | suicidejoker the Vampire Enchanter began the quest for the Orb.
     0 | D:1      | Reached XP level 1. HP: 13/13 MP: 3/3
     0 | D:1      | Noticed a vampire
     1 | D:1      | Noticed a formicid
     6 | D:1      | Noticed a centaur
     6 | D:1      | Noticed a gargoyle
    10 | D:1      | Noticed a vampire
    11 | D:1      | Noticed a vine stalker
    13 | D:1      | Noticed a minotaur
    13 | D:1      | Noticed a gargoyle
    15 | D:1      | Noticed a troll
    17 | D:1      | Noticed a naga
    17 | D:1      | Noticed a felid
    19 | D:1      | Noticed a vampire
    19 | D:1      | Noticed a formicid
    19 | D:1      | Noticed a vine stalker
   157 | D:1      | Reached XP level 2. HP: 7/19 MP: 5/5
   417 | D:1      | Learned a level 2 spell: Ensorcelled Hibernation
   452 | D:1      | Reached skill level 5 in Stealth
   620 | D:1      | Reached skill level 5 in Hexes
   708 | D:1      | Reached XP level 3. HP: 24/24 MP: 6/6
   713 | D:1      | Learned a level 3 spell: Confuse
  2196 | D:3      | Reached XP level 4. HP: 30/30 MP: 7/7
  2332 | D:3      | Found a shattered altar of Ashenzari.
  2429 | D:3      | Reached skill level 6 in Stealth
  2571 | D:3      | Noticed Grinder
  2605 | D:3      | Killed Grinder
  2605 | D:3      | Reached skill level 1 in Fighting
  2605 | D:3      | Reached skill level 7 in Stealth
  2605 | D:3      | Reached XP level 5. HP: 30/37 MP: 8/8
  2605 | D:3      | Reached XP level 6. HP: 35/43 MP: 9/9
  2616 | D:3      | Learned a level 3 spell: Dazzling Spray
  2874 | D:3      | Found a shadowy altar of Dithmenos.
  3252 | D:3      | Noticed seanpark's ghost (weakling DEWz)
  3260 | D:3      | Killed seanpark's ghost
  3579 | D:4      | Found an opulent altar of Gozag.
  3822 | D:4      | Noticed Natasha
  3826 | D:4      | Killed Natasha
  3826 | D:4      | Reached skill level 8 in Stealth
  3850 | D:4      | Noticed Natasha
  3855 | D:4      | Killed Natasha
  3991 | D:4      | Noticed Natasha
  4002 | D:4      | Killed Natasha
  4002 | D:4      | Reached XP level 7. HP: 14/48 MP: 1/10
  4768 | D:4      | Got an iridescent hunting sling
  4769 | D:4      | Identified the +7 hunting sling "Sotea" {flame, MR+ Dex+4} (You found it on level 4 of the Dungeon)
  5362 | D:5      | Entered Level 5 of the Dungeon
  6538 | D:5      | Reached skill level 1 in Slings
  6685 | D:5      | Reached skill level 1 in Ice Magic
  6687 | D:5      | Reached skill level 9 in Stealth
  6759 | D:5      | Reached XP level 8. HP: 43/56 MP: 13/13
  7240 | D:6      | Found a staircase to the Ecumenical Temple.
  7258 | Temple   | Entered the Ecumenical Temple
  7457 | Temple   | Became a worshipper of Warmaster Okawaru
  7892 | D:5      | Mangled by an orc warrior

Vault maps used:
D:1:      shiori_arrival_whats_in_store_for_you
D:2:      first_bread
D:3:      kennysheep_six_static_rooms, nicolae_overflow_crystal_walls,
          nicolae_dithmenos_through_a_glass_darkly, due_unseen_surprise,
          uniq_grinder
D:4:      nicolae_gozag_seed_capital, uniq_natasha
D:6:      hex_medium
Temple:   nicolae_temple_figure_eight

Skill      XL: |  1  2  3  4  5  6  7  8 |
---------------+-------------------------+-----
Stealth        | 5 7 8 9 |  9.2
Hexes          | 5 6 |  6.2
Dodging        | 3 4 |  4.5
Short Blades   | 3 4 |  4.0
Fighting       | 1 2 |  2.4
Slings         | 1 3 |  3.4
Spellcasting   | 3 |  3.6
Ice Magic      | 1 |  1.1

Action                   |  1- 3 |  4- 6 |  7- 9 || total
-------------------------+-------+-------+-------++-------
Melee: Dagger            |   124 |   119 |    59 ||   302
       Bite              |     4 |     5 |     5 ||    14
 Fire: Hunting sling     |       |       |    76 ||    76
 Cast: Ensorcelled Hiber |       |    11 |     4 ||    15
       Confuse           |       |       |     4 ||     4
Evoke: Wand              |       |       |     2 ||     2
  Use: Potion            |       |     3 |     7 ||    10
       Scroll            |       |       |     1 ||     1
 Stab: Sleeping          |     7 |    15 |     7 ||    29
       Distracted        |       |     1 |       ||     1
       Confused          |       |       |     2 ||     2
  Eat: Corpse            |     1 |       |       ||     1
Armor: Robe              |    35 |    11 |    11 ||    57
Dodge: Dodged            |    95 |    69 |    67 ||   231
